 Dungeon Crawl Stone Soup version 0.21.1-1-g345015f (webtiles) character file.

4733 asishallab the Martial Artist (level 10, -16/83 HPs)
             Began as a Hill Orc Monk on July 22, 2018.
             Was a Follower of Ru.
             Demolished by a two-headed ogre
             ... wielding a +0 giant club
              (18 damage)
             ... on level 8 of the Dungeon.
             The game lasted 00:30:29 (9100 turns).

asishallab the Martial Artist (Hill Orc Monk)       Turns: 9100, Time: 00:30:30

Health: -16/83     AC: 11    Str: 15    XL:     10   Next: 46%
Magic:  0/11       EV: 12    Int: 10    God:    Ru [*.....]
Gold:   385        SH:  0    Dex: 16    Spells: 9/9 levels left

rFire    . . .     SeeInvis +     - Unarmed
rCold    . . .     Gourm    .   (no shield)
rNeg     . . .     Faith    .   r - +2 scale mail {rPois}
rPois    +         Spirit   +   (no helmet)
rElec    .         Reflect  .   f - +0 cloak
rCorr    .         Harm     .   (no gloves)
MR       .....                  (no boots)
Stlth    +.........             h - amulet of guardian spirit
HPRegen  0.23/turn              p - ring of see invisible
MPRegen  0.12/turn              d - +1 ring of slaying

@: no status effects
A: claws 1, high mp 1, no charms magic, no hexes magic, no ice magic
a: Renounce Religion


You were on level 8 of the Dungeon.
You worshipped Ru.
Ru was aware of your devotion.
You were very hungry.

You visited 2 branches of the dungeon, and saw 9 of its levels.

You collected 385 gold pieces.

Inventory:

Hand Weapons
 a - a +1 dire flail of draining
 k - a +1 hunting sling
Missiles
 g - 223 stones
 C - a javelin (quivered)
Armour
 f - a +0 cloak (worn)
 r - a +2 scale mail of poison resistance (worn)
 v - a +0 chain mail
Jewellery
 d - a +1 ring of slaying (right claw)
 h - an amulet of guardian spirit (around neck)
 o - a +3 ring of intelligence
 p - a ring of see invisible (left claw)
 t - an uncursed ring of resist corrosion
 H - an uncursed amulet of faith {unknown}
Wands
 c - a wand of flame (29)
 w - a wand of iceblast (5)
 A - a wand of clouds (6)
Scrolls
 l - a scroll of enchant weapon
 m - a scroll of blinking
 n - 3 scrolls of identify
 q - 3 scrolls of magic mapping
 s - a scroll of amnesia
 u - a scroll of fog
 x - 3 scrolls of enchant armour
 y - 4 scrolls of teleportation
Potions
 i - 2 potions of mutation
 j - a potion of brilliance
 B - a potion of flight
 E - a potion of curing
 G - a potion of resistance
Books
 e - a book of Frost

   Spells                             Type                      Level
   a - Freeze                         Ice                          1
   b - Throw Frost                    Conjuration/Ice              2
   c - Ozocubu's Armour               Charms/Ice                   3
   d - Throw Icicle                   Conjuration/Ice              4
   e - Summon Ice Beast               Ice/Summoning                4
 D - a book of Flames

   Spells                             Type                      Level
   a - Flame Tongue                   Conjuration/Fire             1
   b - Throw Flame                    Conjuration/Fire             2
   c - Conjure Flame                  Conjuration/Fire             3
   d - Inner Flame                    Hexes/Fire                   3
   e - Sticky Flame                   Conjuration/Fire             4
   f - Fireball                       Conjuration/Fire             5
Comestibles
 b - 11 rations


   Skills:
 + Level 5.7 Fighting
 + Level 0.2(3.4) Slings
 + Level 5.6 Throwing
 + Level 7.7 Armour
 + Level 4.0 Dodging
 + Level 2.0 Stealth
 + Level 11.4 Unarmed Combat


You had 9 spell levels left.
You didn't know any spells.

Dungeon Overview and Level Annotations

Branches:
Dungeon (8/15)             Temple (1/1) D:7
   Lair: D:8-11

Altars:
Ashenzari
Dithmenos
Elyvilon
Fedhas
Gozag
Hepliaklqana
Kikubaaqudgha
Makhleb
Nemelex Xobeh
Okawaru
Ru
Sif Muna
Trog
Uskayaw
Vehumet
Wu Jian
Yredelemnul
Zin
The Shining One


Innate Abilities, Weirdness & Mutations

You cannot study or cast Charms magic.
You cannot study or cast Hexes magic.
You cannot study or cast Ice magic.
You have sharp fingernails.
You have an increased reservoir of magic. (+10% MP)


Message History

You claw the two-headed ogre!
The two-headed ogre is lightly wounded.
The two-headed ogre closely misses you. The two-headed ogre barely misses you.
Your scale mail prevents you from hitting the two-headed ogre.
The two-headed ogre is lightly wounded.
The two-headed ogre hits you with a giant club!
* * * LOW HITPOINT WARNING * * *
The two-headed ogre hits you with a giant club!
* * * LOW HITPOINT WARNING * * *
You scratch the two-headed ogre.
The two-headed ogre is lightly wounded.
You scratch the two-headed ogre.
The two-headed ogre is moderately wounded.
The two-headed ogre barely misses you.
The two-headed ogre hits you with a giant club!
* * * LOW HITPOINT WARNING * * *
You claw the two-headed ogre!
The two-headed ogre is heavily wounded.
The two-headed ogre hits you with a giant club!!
You die...

############
.##.(......#########.####
..'........(..cO@........
.##.......(#.#.#####.##.#
.##.......(#.#..?
.##(.......#.#####
.##.(......#.#
###('#######.# ..((.. #.#
......c #.# ...♣♣...


You could see a two-headed ogre and a centaur.

Vanquished Creatures
  The ghost of Ymberto the Fighter, a novice HuHu of Okawaru (D:7)
  Pikel (D:5)
  The ghost of Ymberto the Arsonist, a novice DEFE (D:4)
  Grinder (D:6)
  2 hippogriffs (D:7)
  Sigmund (D:6)
  Edmund (D:6)
  An orc warrior (D:6)
  3 slaves (D:5)
  3 sky beasts
  2 ice beasts (D:6)
  A phantom (D:8)
  4 ogres
  A necrophage (D:7)
  A centaur (D:7)
  A big kobold (D:7)
  A gnoll sergeant (D:7)
  3 bullfrogs
  A water moccasin skeleton (D:7)
  2 scorpions
  2 howler monkeys
  4 crimson imps
  A centaur zombie (D:7)
  2 jellies
  2 orc priests
  4 hounds
  A bullfrog skeleton (D:4)
  2 centaur skeletons
  4 iguanas
  5 worker ants
  4 orc wizards
  4 gnolls (D:7)
  A howler monkey skeleton (D:5)
  A worker ant zombie (D:6)
  6 adders
  2 shadow imps
  2 oozes
  An adder skeleton (D:6)
  An adder zombie (D:5)
  3 worms
  3 dart slugs
  6 leopard geckos
  19 orcs
  3 ball pythons
  8 bats
  8 giant cockroaches
  7 goblins
  10 hobgoblins
  6 jackals
  4 quokkas
  7 frilled lizards
  9 kobolds
  A quokka zombie (D:7)
  11 rats
186 creatures vanquished.

Vanquished Creatures (others)
  A slave (D:5)
1 creature vanquished.

Grand Total: 187 creatures vanquished

Notes
Turn   | Place    | Note
-------+----------+-------------------------------------------
     0 | D:1      | asishallab the Hill Orc Monk began the quest for the Orb.
     0 | D:1      | Reached XP level 1. HP: 19/19 MP: 1/1
   284 | D:1      | Reached XP level 2. HP: 22/27 MP: 2/2
   877 | D:1      | Reached XP level 3. HP: 33/33 MP: 3/3
   915 | D:1      | Reached skill level 4 in Unarmed Combat
  1460 | D:2      | Found a deep blue altar of Sif Muna.
  1460 | D:2      | Found a blossoming altar of Fedhas.
  1487 | D:2      | Reached XP level 4. HP: 24/40 MP: 2/4
  1661 | D:2      | Reached skill level 1 in Armour
  1883 | D:2      | Gained mutation: You have an increased reservoir of magic. (+10% MP) [potion of mutation]
  1883 | D:2      | Gained mutation: You have sharp fingernails. [potion of mutation]
  2594 | D:3      | Reached XP level 5. HP: 33/47 MP: 3/5
  3038 | D:3      | Reached skill level 5 in Unarmed Combat
  3524 | D:4      | Reached skill level 1 in Throwing
  3531 | D:4      | Got an encrusted scale mail
  3563 | D:4      | Identified the cursed +0 scale mail of Goeschob {rPois Str+2 Dex-3} (You found it on level 4 of the Dungeon)
  3618 | D:4      | Noticed Ymberto's ghost (novice DEFE)
  3636 | D:4      | HP: 2/47 [poisoned by Ymberto's ghost]
  3638 | D:4      | Killed Ymberto's ghost
  3638 | D:4      | Reached skill level 6 in Unarmed Combat
  3638 | D:4      | Reached XP level 6. HP: 20/53 MP: 1/6
  4160 | D:4      | Reached XP level 7. HP: 60/60 MP: 7/7
  4585 | D:5      | Entered Level 5 of the Dungeon
  4721 | D:5      | Found a hide-covered altar of Uskayaw.
  4752 | D:5      | Noticed Pikel
  4776 | D:5      | Killed Pikel
  4776 | D:5      | Reached skill level 7 in Unarmed Combat
  4776 | D:5      | Reached XP level 8. HP: 19/67 MP: 1/8
  5181 | D:5      | Reached skill level 5 in Fighting
  5186 | D:5      | Reached skill level 5 in Armour
  5777 | D:6      | Noticed Grinder
  5787 | D:6      | Reached skill level 8 in Unarmed Combat
  5791 | D:6      | Paralysed by Grinder for 2 turns
  5796 | D:6      | Killed Grinder
  5796 | D:6      | Reached XP level 9. HP: 49/74 MP: 4/9
  5982 | D:6      | Reached skill level 9 in Unarmed Combat
  5989 | D:6      | Noticed Sigmund
  6004 | D:6      | Killed Sigmund
  6035 | D:6      | Found an ancient bone altar of Kikubaaqudgha.
  6315 | D:6      | Reached skill level 5 in Throwing
  6365 | D:6      | Reached skill level 10 in Unarmed Combat
  6659 | D:6      | Noticed Edmund
  6671 | D:6      | Killed Edmund
  6946 | D:7      | Reached XP level 10. HP: 58/81 MP: 8/11
  7982 | D:7      | Noticed Ymberto's ghost (novice HuHu)
  8010 | D:7      | Killed Ymberto's ghost
  8010 | D:7      | Reached skill level 11 in Unarmed Combat
  8237 | D:7      | Found a staircase to the Ecumenical Temple.
  8245 | Temple   | Entered the Ecumenical Temple
  8399 | Temple   | Became a worshipper of Ru the Awakened
  8420 | D:7      | Gained mutation: You cannot study or cast Ice magic. [Ru sacrifice]
  8420 | D:7      | Gained mutation: You cannot study or cast Hexes magic. [Ru sacrifice]
  8420 | D:7      | Gained mutation: You cannot study or cast Charms magic. [Ru sacrifice]
  8420 | D:7      | Reached * piety under Ru
  9070 | D:8      | Noticed a two-headed ogre
  9099 | D:8      | HP: 2/83 [two-headed ogre/giant club (14)]
  9100 | D:8      | Demolished by a two-headed ogre

Skill      XL: |  1  2  3  4  5  6  7  8  9 10 |
---------------+-------------------------------+-----
Fighting       | 4 5 |  5.7
Unarmed Combat | 4 6 7 8 10 11 | 11.4
Dodging        | 3 4 |  4.0
Armour         | 1 2 3 4 5 6 7 |  7.7
Throwing       | 2 4 5 |  5.6
Stealth        | 2 |  2.0
Slings         | |  0.2

Action                   |  1- 3 |  4- 6 |  7- 9 | 10-12 || total
-------------------------+-------+-------+-------+-------++-------
Melee: Unarmed           |   160 |   152 |   268 |   127 ||   707
       Punch             |       |     2 |    11 |     7 ||    20
 Fire: Hunting sling     |       |       |       |     3 ||     3
Throw: Javelin           |    12 |    41 |    60 |    13 ||   126
       Stone             |       |     8 |    11 |    16 ||    35
Invok: Sacrifice Arcana  |       |       |       |     1 ||     1
  Use: Scroll            |     5 |     7 |     2 |     1 ||    15
       Potion            |       |     7 |     6 |     1 ||    14
 Stab: Distracted        |       |       |       |     1 ||     1
  Eat: Chunk             |     2 |     6 |     4 |     3 ||    15
       Ration            |       |     1 |     2 |       ||     3
Armor: Robe              |    11 |       |       |       ||    11
       Ring mail         |    60 |    30 |       |       ||    90
       Chain mail        |       |    17 |    78 |       ||    95
       Scale mail        |       |       |    50 |    86 ||   136
Dodge: Dodged            |   104 |    82 |   121 |   120 ||   427
